 Dungeon Crawl Stone Soup version 0.22.1-2-g9c5b331 (webtiles) character file.

340 diana the Slasher (level 6, 0/47 HPs)
             Began as a Demonspawn Gladiator on Nov 18, 2018.
             Killed by divine providence
             ... invoked by an orc priest
              (14 damage)
             ... on level 3 of the Dungeon.
             The game lasted 00:04:58 (2051 turns).

diana the Slasher (Demonspawn Gladiator)            Turns: 2051, Time: 00:04:58

Health: 0/47       AC:  6    Str: 16    XL:     6   Next: 30%
Magic:  6/6        EV: 13    Int:  9    God:
Gold:   94         SH:  0    Dex: 13    Spells: 5/5 levels left

rFire    . . .     SeeInvis .   l - +1 scimitar
rCold    . . .     Gourm    .   (no shield)
rNeg     . . .     Faith    .   b - +0 leather armour
rPois    .         Spirit   .   c - +0 helmet
rElec    .         Reflect  .   (no cloak)
rCorr    .         Harm     .   (no gloves)
MR       .....                  (no boots)
Stlth    +.........             (no amulet)
HPRegen  0.55/turn              (no ring)
MPRegen  0.10/turn              (no ring)

@: no status effects
A: molten scales 1, clumsy 1, demonic guardian 1, powered by death 1,
regeneration 1
a: no special abilities


You were on level 3 of the Dungeon.
You were not hungry.

You visited 1 branch of the dungeon, and saw 3 of its levels.

You collected 94 gold pieces.

Inventory:

Hand Weapons
 a - a +0 long sword
 l - a +1 scimitar (weapon)
Missiles
 d - 3 throwing nets (quivered)
Armour
 b - a +0 leather armour (worn)
 c - a +0 helmet (worn)
 e - a +0 pair of gloves
Scrolls
 g - a scroll of fog
 i - 2 scrolls of enchant weapon
Potions
 h - 2 potions of lignification
 k - 2 potions of haste
 n - a potion of resistance {unknown}
Comestibles
 f - a ration


   Skills:
 + Level 3.6 Fighting
 * Level 4.8 Long Blades
 - Level 1.7 Throwing
 + Level 2.6 Armour
 - Level 3.0 Dodging


You had 5 spell levels left.
You didn't know any spells.
Your spell library was empty.

Dungeon Overview and Level Annotations

Branches:
Dungeon (3/15)

Altars:
Qazlal
Wu Jian
Xom


Innate Abilities, Weirdness & Mutations

You are partially covered in molten scales. (AC +2)
A weak demonic guardian rushes to your aid.
You regenerate a little health from kills.
You are clumsy. (Dex -2)
Your natural rate of healing is unusually fast.


Message History

You hit the orc but do no damage.
The orc is heavily wounded.
Your quasit bites the orc but does no damage.
Your quasit barely misses the orc.
Your quasit claws the orc but does no damage.
The orc barely misses you.
You riposte.
You barely miss the orc.
The orc is heavily wounded.
Your quasit bites the orc.
Your quasit claws the orc but does no damage. x2
The orc hits your quasit with a mace.
Your quasit barely misses the orc.
Your quasit misses the orc.
Your quasit claws the orc but does no damage.
The orc priest invokes the aid of Beogh against you.
Beogh smites you!
* * * LOW HITPOINT WARNING * * *
Your quasit bites the orc.
Your quasit claws the orc.
The orc dies!
The orc priest calls down the wrath of Beogh upon you.
Beogh smites you!
You die...

#...........##.#
#.....>........#
#............>.
#........#†.#
#...........#
##+###...#.##
#.<.....#...
########.####.#
#.o..5.@......#
#
#g#####.#######
.####.#.# #)#
......5)# #.#
.......o# #.#
........# #.#
......... #.#
#....g..# #.#
.........


You could see an orc priest, a goblin and a friendly quasit.

Vanquished Creatures
  Sigmund (D:2)
  An orc priest (D:2)
  Natasha (thrice) (D:2)
  5 adders (D:2)
  A worm (D:3)
  2 dart slugs
  4 leopard geckos
  8 bats
  A giant cockroach (D:2)
  6 goblins
  5 hobgoblins
  6 jackals (D:2)
  A frilled lizard (D:2)
  7 kobolds
  7 rats
  A plant (D:2)
59 creatures vanquished.

Vanquished Creatures (collateral kills)
  2 orcs (D:3)
2 creatures vanquished.

Grand Total: 61 creatures vanquished

Notes
Turn   | Place    | Note
-------+----------+-------------------------------------------
     0 | D:1      | diana the Demonspawn Gladiator began the quest for the Orb.
     0 | D:1      | Reached XP level 1. HP: 16/16 MP: 1/1
   293 | D:1      | Gained mutation: You are partially covered in molten
                  | scales. (AC +2) [demonic ancestry]
   293 | D:1      | Reached XP level 2. HP: 13/22 MP: 2/2
   294 | D:1      | Reached skill level 3 in Long Blades
   921 | D:2      | Gained mutation: A weak demonic guardian rushes to your
                  | aid. [demonic ancestry]
   921 | D:2      | Reached XP level 3. HP: 26/27 MP: 3/3
   936 | D:2      | Reached skill level 1 in Armour
   941 | D:2      | Noticed Natasha
   966 | D:2      | Killed Natasha
  1021 | D:2      | Gained mutation: You regenerate a little health from kills.
                  | [demonic ancestry]
  1021 | D:2      | Reached XP level 4. HP: 30/34 MP: 4/4
  1093 | D:2      | Found a stormy altar of Qazlal.
  1097 | D:2      | Found a shimmering altar of Xom.
  1102 | D:2      | Found an ornate altar of the Wu Jian Council.
  1287 | D:2      | Noticed Sigmund
  1338 | D:2      | Killed Sigmund
  1338 | D:2      | Reached skill level 4 in Long Blades
  1338 | D:2      | Reached XP level 5. HP: 16/41 MP: 5/5
  1592 | D:2      | Noticed Natasha
  1599 | D:2      | Killed Natasha
  1599 | D:2      | Reached XP level 6. HP: 47/47 MP: 6/6
  1784 | D:2      | Noticed Natasha
  1790 | D:2      | Killed Natasha
  1921 | D:2      | Gained mutation: You are clumsy. (Dex -2) [potion of
                  | mutation]
  1921 | D:2      | Gained mutation: Your natural rate of healing is unusually
                  | fast. [potion of mutation]
  2051 | D:3      | Killed from afar by an orc priest

Skill      XL: |  1  2  3  4 |
---------------+-------------+-----
Long Blades    | 3 4 |  4.8
Armour         | 1 2 |  2.6
Dodging        | 3 |  3.0
Fighting       | 3 |  3.6
Throwing       | |  1.7

Action                   |  1- 3 |  4- 6 || total
-------------------------+-------+-------++-------
Melee: Long sword        |    57 |       ||    57
       Scimitar          |    22 |   105 ||   127
  Use: Potion            |       |     5 ||     5
       Scroll            |       |     5 ||     5
 Stab: Sleeping          |       |     1 ||     1
  Eat: Chunk             |       |     4 ||     4
Armor: Leather armour    |    23 |    40 ||    63
Dodge: Dodged            |    59 |    64 ||   123
       Rpst.: Long sword |    17 |       ||    17
       Scimitar          |     5 |    24 ||    29
